 Dungeon Crawl Stone Soup version 0.28.0-53-g5a82cb258f (webtiles) character file.

Game seed: 17357370063873802351

15 mcbry74 the Conjurer (level 2, -1/20 HPs)
             Began as a Draconian Conjurer on July 26, 2022.
             Slain by a hobgoblin (2 damage)
             ... on level 1 of the Dungeon.
             The game lasted 00:02:19 (392 turns).

mcbry74 the Conjurer (Draconian Conjurer)            Turns: 392, Time: 00:02:19

Health: -1/20      AC:  4    Str:  9    XL:     2   Next: 34%
Magic:  0/5        EV: 12    Int: 18    God:
Gold:   0          SH:  0    Dex:  9    Spells: 4/5 levels left

rFire   . . .      SeeInvis .   a - +0 dagger
rCold   . . .      Faith    .   (no shield)
rNeg    . . .      Spirit   .   (armour unavailable)
rPois   .          Reflect  .   (helmet restricted)
rElec   .          Harm     .   (no cloak)
rCorr   .          Rampage  .   (no gloves)
Will    .....                   (no boots)
Stlth   ++........              (no amulet)
HPRegen 0.06/turn               (no ring)
MPRegen 0.09/turn               (no ring)

@: no status effects
A: AC +4, unfitting armour, cold-blooded
a: no special abilities


You were on level 1 of the Dungeon.
You visited 1 branch of the dungeon, and saw 1 of its levels.

Inventory:

Hand Weapons
 a - a +0 dagger (weapon)
Scrolls
 b - a scroll of vulnerability {unknown}


   Skills:
 - Level 1.8 Dodging
 - Level 1.8 Stealth
 - Level 2.0 Spellcasting
 + Level 4.5 Conjurations


You had 4 spell levels left.
You knew the following spells:

 Your Spells              Type           Power      Damage    Failure   Level
a - Magic Dart            Conj           72%        1d6       2%          1

Your spell library contained the following spells:

 Spells                   Type           Power      Damage    Failure   Level
 Searing Ray              Conj           36%        2d5       4%          2
 Dazzling Flash           Conj/Hex       20%        N/A       22%         3
 Fulminant Prism          Conj/Hex       5%         3d7       56%         4
 Iskenderun's Mystic Bla  Conj/Tloc      10%        2d4       56%         4


Dungeon Overview and Level Annotations

Branches:
Dungeon (1/15)

Altars:


Innate Abilities, Weirdness & Mutations

Your plain brown scales are hard. (AC +4)
You cannot fit into any form of body armour.
You are cold-blooded and may be slowed by cold attacks.


Message History

Aim: a hobgoblin (100% to hit)
The magic dart hits the jackal.
You kill the jackal!
Casting: Magic Dart (safe; 2% risk of failure)
Confirm with . or Enter, or press ? or * to list all spells.
Aiming: Magic Dart (safe; 2% risk of failure)
Press: ? - help, Shift-Dir - straight line, f/p - hobgoblin
Aim: a hobgoblin (100% to hit)
The magic dart hits the rat.
You kill the rat!
The frilled lizard hisses.
Casting: Magic Dart (safe; 2% risk of failure)
Confirm with . or Enter, or press ? or * to list all spells.
Aiming: Magic Dart (safe; 2% risk of failure)
Press: ? - help, Shift-Dir - straight line, f/p - hobgoblin
Aim: a hobgoblin (100% to hit)
The magic dart hits the hobgoblin.
The hobgoblin is moderately wounded.
The hobgoblin hits you.
* * * LOW HITPOINT WARNING * * *
A giant cockroach comes into view.
Casting: Magic Dart (safe; 2% risk of failure)
Confirm with . or Enter, or press ? or * to list all spells.
Aiming: Magic Dart (safe; 2% risk of failure)
Press: ? - help, Shift-Dir - straight line, f/p - hobgoblin
Aim: a hobgoblin (moderately wounded, 100% to hit)
The magic dart hits the hobgoblin.
The hobgoblin is almost dead.
You hit the hobgoblin but do no damage.
The hobgoblin is almost dead.
The hobgoblin hits you.
* * * LOW HITPOINT WARNING * * *
You barely miss the hobgoblin.
The hobgoblin is almost dead.
The hobgoblin hits you.
* * * LOW HITPOINT WARNING * * *
You hit the hobgoblin but do no damage.
The hobgoblin is almost dead.
The hobgoblin hits you.
You die...

.#.#..#.# #.....†....
...........#####.....÷....
..........................
...........#####..........
......#.##.######.........
......#.#..............##
......#.#.########.....#
......#.#..........B...#
........#.).....@gl....#
##...........##†##.....#
####.......##...##....#
##..#†...#..<..#...##
.###..#.....##...##...#
.............##+##....#
.####.#...............#
#.#............†.†#
..............##..#


You could see a giant cockroach, a hobgoblin and a frilled lizard.

Vanquished Creatures
  2 endoplasms (D:1)
  A giant cockroach (D:1)
  A goblin (D:1)
  3 jackals (D:1)
  A quokka (D:1)
  2 ball pythons (D:1)
  A bat (D:1)
  3 rats (D:1)
14 creatures vanquished.

Notes
Turn   | Place    | Note
-------+----------+-------------------------------------------
     0 | D:1      | mcbry74 the Draconian Conjurer began the quest for the Orb.
     0 | D:1      | Reached XP level 1. HP: 14/14 MP: 3/3
   204 | D:1      | Reached XP level 2. HP: 13/20 MP: 0/5
   391 | D:1      | HP: 1/20 [hobgoblin (1)]
   392 | D:1      | Slain by a hobgoblin

Illustrated notes

Levels and vault maps discovered:
D:1:      dpeg_arrival_shelter, layout_rooms, minmay_vboxes

Action                   || total
-------------------------++-------
Melee: Dagger            ||    37
       Tailslap          ||     1
       Punch             ||     1
 Cast: Magic Dart        ||    26
Armor: Skin              ||    13
Dodge: Dodged            ||    45
